 Dungeon Crawl Stone Soup version 0.23-a0-643-g9ccc95a (webtiles) character file.

1893 galech the Chopper (level 8, -1/62 HPs)
             Began as a Demonspawn Fighter on Dec 31, 2018.
             Was a Believer of Okawaru.
             Slain by a hornet (11 damage)
             ... on level 7 of the Dungeon.
             The game lasted 00:06:37 (7073 turns).

galech the Chopper (Demonspawn Fighter)             Turns: 7073, Time: 00:06:37

Health: -1/62      AC: 13    Str: 16    XL:     8   Next: 93%
Magic:  6/8        EV: 13    Int: 10    God:    Okawaru [**....]
Gold:   161        SH: 12    Dex: 15    Spells: 7/7 levels left

rFire    . . .     SeeInvis .   a - +0 war axe
rCold    . . .     Gourm    .   c - +0 shield
rNeg     + . .     Faith    .   b - +0 scale mail
rPois    .         Spirit   .   (no helmet)
rElec    .         Reflect  .   (no cloak)
rCorr    +         Harm     .   t - +2 pair of gloves
MR       .....                  (no boots)
Stlth    +++.......             (no amulet)
HPRegen  0.20/turn              q - ring of positive energy
MPRegen  0.11/turn              d - ring of resist corrosion

@: heroism, slowed, very slow
A: hooves 1, rugged brown scales 1, nightstalker 1
a: Heroism, Renounce Religion


You were on level 7 of the Dungeon.
You worshipped Okawaru.
Okawaru was pleased with you.
You were not hungry.

You visited 2 branches of the dungeon, and saw 8 of its levels.

You collected 430 gold pieces.
You spent 269 gold pieces at shops.

Inventory:

Hand Weapons
 a - a +0 war axe (weapon)
Armour
 b - a +0 scale mail (worn)
 c - a +0 shield (worn)
 t - a +2 pair of gloves (worn)
Jewellery
 d - a ring of resist corrosion (right hand)
 q - a ring of positive energy (left hand)
 s - an uncursed ring of protection from cold
 y - an uncursed amulet of harm {unknown}
Wands
 w - a wand of paralysis (5)
Scrolls
 e - 2 scrolls of blinking
 g - a scroll of holy word {unknown}
 i - 2 scrolls of magic mapping
 j - 3 scrolls of amnesia
 k - 3 scrolls of remove curse
 m - 3 scrolls of enchant armour
 o - 2 scrolls of random uselessness
 p - 2 scrolls of enchant weapon
 x - 5 scrolls of teleportation
 B - a scroll of acquirement {unknown}
 C - a scroll of identify
Potions
 h - 4 potions of curing
 l - a potion of brilliance
 n - a potion of agility
 r - 2 potions of mutation
 u - a potion of lignification
 v - a potion of heal wounds {unknown}
 z - a potion of flight {unknown}
 A - a potion of berserk rage {unknown}
 D - a potion of haste {unknown}
 F - 2 potions of magic {unknown}
Comestibles
 f - 16 rations
 E - 3 chunks of flesh


   Skills:
 + Level 4.7(9.7) Fighting
 + Level 7.6(12.6) Axes
 + Level 4.8(9.8) Armour
 + Level 2.2(7.2) Dodging
 + Level 0.9(5.9) Stealth
 + Level 5.4(10.4) Shields


You had 7 spell levels left.
You didn't know any spells.
Your spell library was empty.

Dungeon Overview and Level Annotations

Branches:
Dungeon (7/15)             Temple (1/1) D:4

Altars:
Ashenzari
Cheibriados
Dithmenos
Elyvilon
Fedhas
Hepliaklqana
Kikubaaqudgha
Nemelex Xobeh
Okawaru
Ru
Sif Muna
Trog
Uskayaw
Vehumet
Yredelemnul
The Shining One

Shops:
D:5 ?   D:7 (


Innate Abilities, Weirdness & Mutations

You have large cloven feet.
You are partially covered in rugged brown scales. (AC +1, +3% HP)
You are slightly more attuned to the shadows.


Message History

You block the hornet's attack. The hornet barely misses you.
The hornet stings you!
* * * LOW HITPOINT WARNING * * *
You feel yourself slow down.
You slash the hornet!
The hornet is almost dead.
The hornet completely misses you. The hornet closely misses you.
You closely miss the hornet. Your kick misses the hornet.
The hornet is almost dead.
You feel yourself speed up. The hornet misses you.
You block the hornet's attack.
You hit the hornet but do no damage.
The hornet is almost dead.
The hornet stings you.
* * * LOW HITPOINT WARNING * * *
You feel yourself slow down.
You closely miss the hornet. Your kick misses the hornet.
The hornet is severely wounded.
You block the hornet's attack. The hornet stings you!
You die...

#.######.######......#
......................
#.....................
######..#######.####.#
#######..###...........
.......................
#######..#######.##.#..
#######..# #.##.#..
.....y@..# #.##.#..
#######..#######.##.#..
#..........##.#.#
#.......##.##.#.#
#..####.##.##.#.#
#................
#.....#.##.##.#.#
######...#.#.##.##.#.#
+................. #.#


You could see a hornet.

Vanquished Creatures
  Grinder (D:5)
  A hippogriff (D:4)
  2 sky beasts (D:5)
  A phantom (D:6)
  A necrophage (D:5)
  3 ogres
  A centaur (D:5)
  2 bullfrogs (D:7)
  3 killer bees (D:7)
  2 crimson imps
  A bullfrog zombie (D:6)
  A jelly (D:5)
  3 orc priests
  A worker ant (D:5)
  2 orc wizards
  9 adders
  6 gnolls
  A shadow imp (D:5)
  An ooze (D:3)
  2 adder skeletons
  A worm (D:4)
  3 dart slugs
  4 leopard geckos
  20 orcs
  6 bats
  4 giant cockroaches
  7 hobgoblins
  2 jackals (D:4)
  4 quokkas
  2 ball pythons
  A ball python skeleton (D:4)
  6 frilled lizards
  6 goblins
  A jackal skeleton (D:5)
  6 kobolds
  A rat (D:2)
118 creatures vanquished.

Notes
Turn   | Place    | Note
-------+----------+-------------------------------------------
     0 | D:1      | galech the Demonspawn Fighter began the quest for the Orb.
     0 | D:1      | Reached XP level 1. HP: 18/18 MP: 1/1
   183 | D:1      | Reached skill level 2 in Axes
   183 | D:1      | Gained mutation: You are partially covered in rugged brown
                  | scales. (AC +1, +3% HP) [demonic ancestry]
   183 | D:1      | Reached XP level 2. HP: 15/24 MP: 2/2
   813 | D:2      | Reached XP level 3. HP: 19/29 MP: 3/3
  1963 | D:3      | Gained mutation: You have large cloven feet. [demonic
                  | ancestry]
  1963 | D:3      | Reached XP level 4. HP: 19/36 MP: 4/4
  2361 | D:3      | Reached skill level 3 in Axes
  2607 | D:3      | Reached XP level 5. HP: 28/42 MP: 5/5
  3003 | D:4      | Found a staircase to the Ecumenical Temple.
  3045 | Temple   | Entered the Ecumenical Temple
  3116 | Temple   | Became a worshipper of Warmaster Okawaru
  3342 | D:4      | Noticed an ogre
  3348 | D:4      | Killed an ogre
  3348 | D:4      | Reached skill level 1 in Dodging
  3348 | D:4      | Reached XP level 6. HP: 11/48 MP: 6/6
  3511 | D:4      | Reached skill level 4 in Axes
  3761 | D:4      | Found a sparkling altar of Nemelex Xobeh.
  3762 | D:4      | Noticed a hippogriff
  3773 | D:4      | Killed a hippogriff
  3773 | D:4      | Reached * piety under Okawaru
  3773 | D:4      | Gained mutation: You are slightly more attuned to the
                  | shadows. [demonic ancestry]
  3773 | D:4      | Reached XP level 7. HP: 24/54 MP: 7/7
  4137 | D:5      | Entered Level 5 of the Dungeon
  4244 | D:5      | Reached skill level 5 in Axes
  4635 | D:5      | Found a white marble altar of Elyvilon.
  4691 | D:5      | Found a blossoming altar of Fedhas.
  4701 | D:5      | Found a hazy altar of Hepliaklqana.
  4932 | D:5      | Noticed Grinder
  4951 | D:5      | Killed Grinder
  4951 | D:5      | Reached ** piety under Okawaru
  4951 | D:5      | Reached skill level 6 in Axes
  4951 | D:5      | Reached XP level 8. HP: 43/61 MP: 8/8
  4967 | D:5      | Reached skill level 5 in Shields
  5099 | D:5      | Found Xucw's Magic Scroll Shoppe.
  5137 | D:5      | Bought a scroll of teleportation for 33 gold pieces
  5137 | D:5      | Bought a scroll of teleportation for 33 gold pieces
  5137 | D:5      | Bought a scroll of identify for 22 gold pieces
  5137 | D:5      | Bought a scroll of identify for 22 gold pieces
  5137 | D:5      | Bought a scroll of identify for 22 gold pieces
  5137 | D:5      | Bought a scroll of identify for 22 gold pieces
  5137 | D:5      | Bought a scroll of teleportation for 33 gold pieces
  5137 | D:5      | Bought a scroll of enchant weapon for 82 gold pieces
  6006 | D:6      | Found a shattered altar of Ashenzari.
  6009 | D:6      | Saw a vision of the Shoals and the Spider Nest.
  6009 | D:6      | Noticed a sea snake
  6009 | D:6      | Noticed a hippogriff
  6009 | D:6      | Noticed a merfolk
  6009 | D:6      | Noticed a hippogriff
  6009 | D:6      | Noticed a sea snake
  6009 | D:6      | Noticed a merfolk
  6487 | D:7      | Reached skill level 7 in Axes
  6598 | D:7      | Found a sacrificial altar of Ru.
  6625 | D:7      | Found Lulam's Antique Weapon Shoppe.
  7044 | D:7      | Noticed a hornet
  7073 | D:7      | Slain by a hornet

Vault maps used:
D:1:      roderic_chinese_lattice_arrival
D:2:      mrwooster_statue_mirror
D:3:      first_ration
D:4:      minmay_inner_zag, minmay_temple_entry_wispy,
          nemelex_xobeh_ov_fountains_minmay
D:5:      elyvilon_altar_1, minitemple, serial_shops, shop, uniq_grinder
D:6:      grunt_ashenzari_visionary
D:7:      serial_shops, shop, nicolae_ru_sacrificial_ziggurat
Temple:   dpeg_five_rooms_temple

Skill      XL: |  1  2  3  4  5  6  7  8 |
---------------+-------------------------+-----
Shields        | 3 4 5 |  5.4
Axes           | 2 3 4 6 7 |  7.6
Armour         | 3 4 |  4.8
Dodging        | 1 2 |  2.2
Fighting       | 4 |  4.7
Stealth        | |  0.9

Action                   |  1- 3 |  4- 6 |  7- 9 || total
-------------------------+-------+-------+-------++-------
Melee: War axe           |   134 |   141 |   221 ||   496
       Kick              |       |    37 |    57 ||    94
Invok: Heroism           |       |       |     3 ||     3
  Use: Potion            |       |     1 |     1 ||     2
       Scroll            |       |       |    11 ||    11
  Eat: Chunk             |     3 |     7 |     7 ||    17
       Ration            |       |       |     1 ||     1
Armor: Scale mail        |    62 |    76 |    79 ||   217
Dodge: Dodged            |    43 |    44 |    76 ||   163
Block: Shield            |    71 |    73 |   110 ||   254

Table legend:
 A = Non-vault XP
 B = Vault XP
 C = Vault XP percentage of total XP
 D = Non-vault monster count
 E = Vault monster count
 F = Vault count percentage of total count
                 A         B        C        D         E       F
            +---------+---------+-------+---------+---------+-------
      Total |    2397 |     308 |  11.4 |     112 |       6 |   5.1
            +---------+---------+-------+---------+---------+-------
        D:1 |      27 |       0 |   0.0 |      14 |       0 |   0.0
        D:2 |      64 |       0 |   0.0 |      17 |       0 |   0.0
        D:3 |     149 |       0 |   0.0 |      26 |       0 |   0.0
        D:4 |     528 |      27 |   4.9 |      19 |       5 |  20.8
        D:5 |     963 |     281 |  22.6 |      21 |       1 |   4.5
        D:6 |     179 |       0 |   0.0 |       3 |       0 |   0.0
        D:7 |     487 |       0 |   0.0 |      12 |       0 |   0.0
            +---------+---------+-------+---------+---------+-------
